 Dungeon Crawl Stone Soup version 0.19.0-2-gae57169 (webtiles) character file.

1355 Lochraine the Shield-Bearer (level 8, -1/62 HPs)
             Began as a Formicid Fighter on Nov 5, 2016.
             Was a Priest of Yredelemnul.
             Slain by a troll (5 damage)
             ... on level 6 of the Dungeon.
             The game lasted 00:16:45 (5279 turns).

Lochraine the Shield-Bearer (Formicid Fighter)      Turns: 5279, Time: 00:16:46

Health: -1/62      AC:  7    Str: 21    XL:     8   Next: 95%
Magic:  11/11      EV:  9    Int:  9    God:    Yredelemnul [***...]
Gold:   253        SH: 15    Dex: 11    Spells: 0 memorised, 7 levels left

rFire  . . .     SeeInvis +     l - +2 scythe (freeze)
rCold  . . .     Gourm    .     h - +0 ring mail
rNeg   . . .     Faith    .     n - +0 large shield
rPois  .         Spirit   .     (helmet unavailable)
rElec  .         Reflect  .     (no cloak)
rCorr  .         Harm     .     E - +0 pair of gloves
MR     .....                    (no boots)
Stlth  +.........               (no amulet)
                                (no ring)
                                (no ring)

@: no status effects
A: permanent stasis, dig shafts and tunnels, four strong arms, antennae 3
a: Dig, Shaft Self, Recall Undead Slaves, Injury Mirror, Animate Dead, Renounce
Religion


You were on level 6 of the Dungeon.
You worshipped Yredelemnul.
Yredelemnul was most pleased with you.
You were not hungry.

You visited 1 branch of the dungeon, and saw 6 of its levels.

You collected 253 gold pieces.

Inventory:

Hand Weapons
 a - a +0 war axe
 l - a +2 scythe of freezing (weapon)
Missiles
 D - 6 javelins (quivered)
Armour
 b - a +0 scale mail
 c - a +0 shield
 h - a +0 ring mail (worn)
 n - a +0 large shield (worn)
 E - a +0 pair of gloves (worn)
Wands
 w - a wand of disintegration (2/24)
Scrolls
 d - 2 scrolls of fear
 j - 6 scrolls of identify
 m - 3 scrolls of teleportation
 o - 2 scrolls of noise {unknown}
 q - a scroll of remove curse
 t - a scroll of blinking {unknown}
 y - a scroll of enchant weapon {unknown}
 A - a scroll of fog {unknown}
 B - a scroll of vulnerability {unknown}
 C - 2 scrolls of amnesia {unknown}
 F - a scroll of recharging {unknown}
Potions
 e - 6 potions of lignification {unknown}
 g - 2 potions of berserk rage
 r - a potion of flight {unknown}
 s - a potion of degeneration {unknown}
 u - 2 potions of curing
 z - a potion of agility {unknown}
Books
 v - a book of Changes

   Spells                             Type                      Level
   a - Beastly Appendage              Transmutation                1
   b - Sticks to Snakes               Transmutation                2
   c - Spider Form                    Transmutation/Poison         3
   d - Ice Form                       Ice/Transmutation            4
   e - Blade Hands                    Transmutation                5
Comestibles
 f - 2 bread rations
 i - 3 slices of pizza
 k - 4 meat rations
 p - 3 beef jerkies
 x - a chunk of flesh


   Skills:
 - Level 5.2 Fighting
 - Level 4.7(5.2) Axes
 + Level 3.0(4.3) Polearms
 - Level 5.1 Armour
 + Level 2.1 Dodging
 + Level 6.9 Shields
 + Level 4.6 Invocations


You had 7 spell levels left.
You didn't know any spells.

Dungeon Overview and Level Annotations

Branches:
Dungeon (6/15)             Temple (0/1) D:4

Altars:
Okawaru
Sif Muna
Vehumet
Yredelemnul
Zin
The Shining One

Annotations:
D:2 Grinder


Innate Abilities, Weirdness & Mutations

You are under a permanent stasis effect.
You can dig through walls and to a lower floor.
Your four strong arms can wield two-handed weapons with a shield.
You have a pair of large antennae on your head. (SInv)


Message History

The hound moves out of view.
Okay, then.
A bullfrog zombie comes into view.
You see here a war axe.
As you read the scroll of fear, it crumbles to dust.
You assume a fearsome visage.
The bullfrog zombie is unaffected.
The hound looks frightened!
The worker ant looks frightened!
The troll looks frightened!
You are too injured to fight recklessly!
Attack whom?
Press: ? - help, Dir - move target cursor, f/p - troll
Aim: a troll (fleeing)
You reach to attack!
You hit the troll. You freeze the troll.
Your attack snaps the troll out of its fear.
The troll is lightly wounded.
The troll bites you!
* * * LOW HITPOINT WARNING * * *
The troll closely misses you. The troll claws you.
You die...
Your body rises from the dead as a mindless zombie.

...... $.........
..........
#......{.##
..........###
............ ######
..........###.......
..........T@.##.%...
.......<..##........
#.....a..#####......
##...h..............
#####[.>...........
#...#####h#.....
#.## #........ ...
......... ...
#.#.......


You could see a troll, a hound (fleeing) and a worker ant (fleeing).

Vanquished Creatures
  Sigmund (D:4)
  Menkaure (D:5)
  A phantom (D:5)
  An ogre (D:5)
  2 howler monkeys (D:5)
  2 centaur zombies
  A quasit (D:4)
  A bullfrog zombie (D:4)
  A centaur skeleton (D:4)
  An orc wizard (D:4)
  A gnoll shaman (D:5)
  A bullfrog skeleton (D:5)
  Jessica (D:2)
  A worker ant (D:4)
  Natasha (thrice) (D:2 D:3)
  Terence (D:2)
  A hound zombie (D:4)
  A howler monkey zombie (D:5)
  A worker ant zombie (D:5)
  5 gnolls
  8 adders
  A howler monkey skeleton (D:4)
  An ooze (D:2)
  2 adder zombies
  An adder skeleton (D:4)
  5 worms
  3 dart slugs
  3 leopard geckos
  17 orcs
  4 giant cockroaches
  15 goblins
  12 hobgoblins
  12 jackals
  8 kobolds
  2 ball pythons
  9 bats
  5 frilled lizards
  A quokka zombie (D:4)
  8 rats
145 creatures vanquished.

Vanquished Creatures (collateral kills)
  A howler monkey (D:4)
  A crimson imp (D:5)
  An orc wizard (D:5)
  A howler monkey skeleton (D:4)
  An adder (D:3)
  A shadow imp (D:5)
  An orc (D:5)
  A goblin (D:3)
  A jackal (D:5)
  A frilled lizard (D:5)
  A jackal zombie (D:4)
11 creatures vanquished.

Vanquished Creatures (others)
  An adder zombie (D:4)
  An orc (D:3)
  A hobgoblin (D:3)
  3 orc zombies (D:5)
6 creatures vanquished.

Grand Total: 162 creatures vanquished

Notes
Turn   | Place    | Note
-------+----------+-------------------------------------------
     0 | D:1      | Lochraine the Formicid Fighter began the quest for the Orb.
     0 | D:1      | Reached XP level 1. HP: 18/18 MP: 1/1
   135 | D:1      | Reached XP level 2. HP: 15/24 MP: 2/2
   188 | D:1      | Reached skill level 4 in Shields
   236 | D:1      | Reached XP level 3. HP: 23/29 MP: 3/3
   716 | D:2      | Reached XP level 4. HP: 33/37 MP: 4/4
   859 | D:2      | Noticed Jessica
   862 | D:2      | Killed Jessica
   881 | D:2      | Found a basalt altar of Yredelemnul.
   887 | D:2      | Became a worshipper of Yredelemnul the Dark
   893 | D:2      | Noticed Terence
   913 | D:2      | Killed Terence
   913 | D:2      | Reached XP level 5. HP: 11/42 MP: 5/5
  1506 | D:2      | Noticed Natasha
  1520 | D:2      | Killed Natasha
  1892 | D:2      | Noticed Natasha
  1897 | D:2      | Killed Natasha
  1897 | D:2      | Reached XP level 6. HP: 45/49 MP: 6/6
  2093 | D:3      | Noticed Grinder
  2105 | D:3      | Reached * piety under Yredelemnul
  2171 | D:2      | Noticed Natasha
  2202 | D:3      | Killed Natasha
  2671 | D:3      | Found a faded altar of an unknown god.
  2671 | D:3      | Found a faded altar of an unknown god.
  2687 | D:3      | Found a faded altar of an unknown god.
  2689 | D:3      | Found a glowing silver altar of Zin.
  2691 | D:3      | Found a faded altar of an unknown god.
  2711 | D:3      | Found a deep blue altar of Sif Muna.
  3032 | D:3      | Found a radiant altar of Vehumet.
  3170 | D:3      | Reached ** piety under Yredelemnul
  3452 | D:4      | Reached skill level 5 in Shields
  3452 | D:4      | Reached skill level 1 in Invocations
  3620 | D:4      | Noticed Sigmund
  3643 | D:4      | Killed Sigmund
  3643 | D:4      | Reached XP level 7. HP: 46/55 MP: 6/8
  3669 | D:4      | Reached skill level 5 in Fighting
  3721 | D:4      | Found a glowing golden altar of the Shining One.
  4003 | D:4      | Found a staircase to the Ecumenical Temple.
  4008 | D:4      | Reached skill level 1 in Polearms
  4013 | D:4      | Reached skill level 5 in Armour
  4013 | D:4      | Reached XP level 8. HP: 62/62 MP: 9/9
  4059 | D:4      | Found an iron altar of Okawaru.
  4266 | D:5      | Entered Level 5 of the Dungeon
  4299 | D:5      | Reached skill level 6 in Shields
  4460 | D:5      | Reached skill level 1 in Dodging
  4561 | D:5      | Noticed Menkaure
  4581 | D:5      | Reached *** piety under Yredelemnul
  4870 | D:5      | Killed Menkaure
  5266 | D:6      | Noticed a troll
  5279 | D:6      | Slain by a troll

Skill      XL: |  1  2  3  4  5  6  7  8 |
---------------+-------------------------+-----
Shields        | 4 5 6 |  6.9
Axes           | 3 4 |  4.7
Fighting       | 4 5 |  5.2
Armour         | 4 5 |  5.1
Invocations    | 1 2 4 |  4.6
Polearms       | 1 3 |  3.0
Dodging        | 2 |  2.1

Action                   |  1- 3 |  4- 6 |  7- 9 || total
-------------------------+-------+-------+-------++-------
Melee: War axe           |   119 |   274 |       ||   393
       Scythe            |       |       |   210 ||   210
Invok: Animate Remains   |       |     3 |     4 ||     7
       Injury Mirror     |       |     1 |     1 ||     2
       Animate Dead      |       |       |     1 ||     1
 Abil: Dig               |       |     1 |       ||     1
  Use: Potion            |     2 |     2 |       ||     4
       Scroll            |       |     3 |     2 ||     5
  Eat: Chunk             |       |    10 |     8 ||    18
Armor: Scale mail        |    48 |       |       ||    48
       Ring mail         |    17 |    65 |    84 ||   166
Dodge: Dodged            |    54 |    61 |    59 ||   174
Block: Shield            |    81 |    39 |       ||   120
       Large shield      |       |   118 |   202 ||   320
